 Dungeon Crawl Stone Soup version 0.22-a0-443-g17c3723 (webtiles) character file.

46 Gorglomux the Chopper (level 3, 4/23 HPs)
             Began as a Gargoyle Fighter on June 1, 2018.
             Quit the game on level 2 of the Dungeon.
             The game lasted 00:00:45 (457 turns).

Gorglomux the Chopper (Gargoyle Fighter)             Turns: 457, Time: 00:00:46

Health: 4/23       AC: 10    Str: 20    XL:     3   Next: 68%
Magic:  3/3        EV:  7    Int:  8    God:
Gold:   67         SH:  9    Dex:  9    Spells: 2/2 levels left

rFire    . . .     SeeInvis .   a - +0 war axe
rCold    . . .     Gourm    .   c - +0 shield
rNeg     + . .     Faith    .   b - +0 scale mail
rPois    ∞         Spirit   .   (no helmet)
rElec    +         Reflect  .   (no cloak)
rCorr    .         Harm     .   (no gloves)
MR       .....                  (no boots)
Stlth    ..........             (no amulet)
HPRegen  0.07/turn              (no ring)
MPRegen  0.08/turn              (no ring)

@: no status effects
A: negative energy resistance 1, electricity resistance, unbreathing,
petrification resistance, rot immunity, AC +3
a: no special abilities


You were on level 2 of the Dungeon.
You were not hungry.

You visited 1 branch of the dungeon, and saw 2 of its levels.

You collected 67 gold pieces.

Inventory:

Hand Weapons
 a - a +0 war axe (weapon)
Armour
 b - a +0 scale mail (worn)
 c - a +0 shield (worn)
Scrolls
 g - a scroll of identify {unknown}
 i - a scroll of enchant armour {unknown}
Potions
 d - a potion of might
 j - a potion of degeneration {unknown}
 k - a potion of agility {unknown}
 l - 2 potions of cancellation {unknown}
Comestibles
 f - a ration
 h - 2 chunks of flesh


   Skills:
 - Level 3.2 Fighting
 + Level 3.5 Axes
 - Level 3.2 Armour
 - Level 3.2 Shields


You had 2 spell levels left.
You didn't know any spells.
Your spell library was empty.

Dungeon Overview and Level Annotations

Branches:
Dungeon (2/15)

Altars:


Innate Abilities, Weirdness & Mutations

You are resistant to torment.
Your stone body is resilient. (AC +3)
You are immune to poison.
You resist negative energy. (rN+)
You are resistant to electric shocks. (rElec)
You can survive without breathing.
You are immune to petrification.
You are immune to rotting.


Message History

You are too injured to fight butt-ly!!!
You barely miss the worm! The worm bites you! * * * butt't die
* * * You are too injured to fight recklessly!!!
You cut the worm into ribbons!
The worm is lightly wounded!
You block the worm'butts attack!
Unknown command!
Saving game!!! please wait!
Welcome back, Gorglomux the Gargoyle Fighter!
Press ? for a list of commands and other butt! (m)acro, (M)acro raw, keymap [(k) default, (x) level-map, (t)argeting, (c)onfirm, m(e)nu], (s)ave?
Aborting!
Are you sure you want to abandon this character and quit the game? (Confirm with "yes"!)
Okay, then! (m)acro, (M)acro raw, keymap [(k) butt, (x) level-map, (t)argeting, (c)onfirm, m(e)nu], (s)ave?
Input macro trigger key: & Input macro action: \{9}\{9}\{9} Created macro '&' => '\{9}\{9}\{9}'!
Are you sure you want to abandon this character and quit the game? (Butt with "yes"!)

### # ..# .# #.#
#.# #w##.# #$#.#
## #@.## #.#
..#.#.###.#
....##.#.#######
#...............
#######.########
####.#### #.#
#.......# #.#
#.......# #.#
#.......#


You could see a worm.

Vanquished Creatures
  A worker ant (D:2)
  A dart slug (D:1)
  2 leopard geckos
  2 giant cockroaches (D:1)
  4 goblins
  2 hobgoblins (D:1)
  3 bats (D:1)
  2 frilled lizards (D:1)
  A rat (D:1)
18 creatures vanquished.

Notes
Turn   | Place    | Note
-------+----------+-------------------------------------------
     0 | D:1      | Gorglomux the Gargoyle Fighter began the quest for the Orb.
     0 | D:1      | Reached XP level 1. HP: 14/14 MP: 1/1
   161 | D:1      | Reached XP level 2. HP: 19/19 MP: 2/2
   330 | D:2      | Reached skill level 3 in Axes
   334 | D:2      | Reached XP level 3. HP: 9/23 MP: 3/3
   457 | D:2      | Quit the game

Vault maps used:
D:1:      lemuel_arrival_funnel
D:2:      uniq_sigmund

Skill      XL: |  1  2 |
---------------+-------+-----
Axes           | 2 3 |  3.5
Fighting       | |  3.2
Armour         | |  3.2
Shields        | |  3.2

Action                   || total
-------------------------++-------
Melee: War axe           ||    84
Armor: Scale mail        ||    71
Dodge: Dodged            ||    48
Block: Shield            ||    64

Table legend:
 A = Spawn XP
 B = Non-spawn XP
 C = Spawn XP percentage of total XP
 D = Spawn monster count
 E = Non-spawn monster count
 F = Spawn count percentage of total count
 G = Total turns spent on level
                    A         B        C        D         E        F      G
               +---------+---------+-------+---------+---------+-------+---------
         Total |       0 |      67 |   0.0 |       0 |      18 |   0.0 |   457
               +---------+---------+-------+---------+---------+-------+---------
           D:1 |       0 |      28 |   0.0 |       0 |      15 |   0.0 |   297
           D:2 |       0 |      39 |   0.0 |       0 |       3 |   0.0 |   160
               +---------+---------+-------+---------+---------+-------+---------
